Map: Oxide LE

Players

Serral - Winner!

  • Race: Zerg Zerg
  • Spawn Location: 1:00

ByuN

  • Race: Terran Terran
  • Spawn Location: 7:00

VOD

Have the link to the VOD?

Description

Time

  • Played on: Jan. 16, 2021, 10:37 a.m.
  • Length: 14:43
Show
View Real Time Build Order
Export as new Build Order

Serral Zerg - Winner!

Build Orders: Hatch First, Muta Ling Bane 

Get SALT Encoding   

  12  0:00  Drone  
  13  0:12  Overlord  
  13  0:17  Drone  
  14  0:30  Drone  
  14  0:31  Drone  
  16  0:47  Hatchery  
  15  0:51  Drone  
  15  0:54  Drone  
  17  0:58  Drone  
  18  1:08  Extractor  
  17  1:13  Spawning Pool  
  17  1:16  Drone  
  17  1:20  Drone  
  18  1:28  Drone  
  19  1:39  Drone  
  20  1:49  Drone  
  21  1:59  Queen  
  21  2:00  Queen  
  21  2:01  Zergling x4  
  27  2:10  Overlord  
  27  2:12  Drone  
  28  2:22  Hatchery  
  27  2:27  Drone  
  28  2:30  Drone  
  28  2:31  Drone  
  28  2:33  Drone  
  31  2:40  Queen  
  33  2:45  Overlord  
  33  2:49  Metabolic Boost  
  33  2:54  Drone  
  33  2:55  Drone  
  33  2:57  Drone  
  36  3:06  Drone  
  36  3:07  Drone  
  36  3:08  Drone x3  
  41  3:14  Roach Warren  
  41  3:16  Extractor  
  41  3:18  Drone  
  41  3:19  Drone  
  41  3:28  Drone x2  
  41  3:34  Overlord  
  43  3:35  Overlord  
  43  3:40  Overlord  
  43  3:55  Roach x7  
  57  4:02  Roach x2  
  61  4:09  Zergling x6  
  64  4:14  Zergling x6  
  67  4:17  Overlord  
  67  4:19  Zergling x2  
  67  4:22  Zergling x2  
  69  4:27  Ravager x2  
  69  4:30  Zergling x6  
  74  4:32  Overlord  
  74  4:39  Zergling x6  
  74  4:45  Zergling x12  
  82  4:53  Ravager  
  83  5:04  Zergling x16  
  88  5:09  Ravager  
  88  5:10  Ravager  
  86  5:24  Zergling x16  
  84  5:28  Queen  
  84  5:29  Queen  
  75  5:35  Zergling x8  
  75  5:41  Spore Crawler  
  75  5:42  Spore Crawler  
  64  5:46  Drone x2  
  64  5:47  Drone  
  63  5:51  Drone x2  
  63  5:52  Drone  
  63  5:54  Drone  
  66  5:57  Spore Crawler  
  66  6:00  Drone x2  
  67  6:08  Queen x2  
  70  6:14  Drone x2  
  70  6:16  Drone x2  
  67  6:21  Drone x4  
  67  6:23  Drone  
  67  6:24  Drone  
  69  6:30  Drone  
  66  6:36  Lair  
  66  6:39  Drone x3  
  69  6:44  Overlord  
  69  6:47  Drone  
  69  6:50  Queen  
  69  6:51  Queen  
  69  6:52  Drone  
  75  6:55  Drone x2  
  75  6:57  Extractor  
  76  7:03  Zergling x14  
  83  7:10  Zergling x4  
  85  7:16  Evolution Chamber  
  85  7:17  Evolution Chamber  
  85  7:22  Overlord  
  83  7:23  Extractor  
  83  7:29  Overlord  
  82  7:30  Drone x5  
  85  7:37  Drone  
  85  7:38  Drone x4  
  85  7:41  Overlord  
  85  7:42  Overseer  
  85  7:43  Extractor, Zerg Melee Weapons Level 1  
  85  7:44  Zerg Ground Armor Level 1  
  89  7:46  Baneling Nest  
  89  7:48  Drone  
  89  7:49  Drone  
  89  7:50  Drone x3  
  93  7:51  Extractor  
  92  8:01  Zergling x2  
  92  8:02  Zergling x14  
  92  8:05  Overseer  
  100  8:06  Hatchery  
  99  8:13  Overlord  
  96  8:20  Drone  
  96  8:21  Drone  
  98  8:32  Spire  
  97  8:34  Drone  
  97  8:35  Drone  
  97  8:36  Zergling x22  
  97  8:38  Hatchery  
  108  8:48  Drone x5  
  112  8:53  Centrifical Hooks  
  112  9:00  Overlord  
  112  9:04  Drone x7  
  119  9:11  Baneling  
  119  9:12  Baneling x8  
  119  9:13  Zergling x6  
  119  9:16  Overlord  
  122  9:19  Overlord  
  122  9:21  Overlord  
  122  9:22  Zergling x4  
  124  9:32  Baneling x3  
  123  9:45  Mutalisk x10  
  123  9:48  Zerg Flyer Weapons Level 1  
  123  9:51  Mutalisk  
  123  9:52  Mutalisk  
  147  10:03  Overlord x2, Hatchery  
  146  10:09  Pneumatized Carapace  
  146  10:10  Zergling x10  
  151  10:15  Extractor  
  151  10:16  Spore Crawler, Drone x3  
  151  10:17  Drone  
  153  10:22  Zerg Melee Weapons Level 2, Zerg Ground Armor Level 2  
  153  10:26  Zergling x8  
  157  10:31  Baneling x2  
  157  10:32  Baneling  
  157  10:36  Mutalisk x2  
  158  10:56  Mutalisk x2  
  161  11:00  Zergling x26  
  161  11:01  Zergling x4  
  161  11:03  Overlord x3  
  161  11:04  Overlord x2  
  176  11:06  Baneling x6  
  176  11:12  Baneling  
  176  11:13  Baneling x8  
  176  11:23  Zergling x24  
  188  11:26  Infestation Pit  
  187  11:36  Baneling x13  
  186  11:42  Zergling x24  
  186  11:47  Baneling x7  
  198  11:49  Baneling  
  198  11:50  Baneling x2  
  198  11:54  Zergling x2  
  199  11:58  Baneling x6  
  199  12:07  Zergling x4  
  199  12:08  Baneling  
  199  12:09  Baneling x7  
  199  12:18  Overseer  
  199  12:23  Baneling  
  199  12:24  Baneling x8  
  192  12:33  Baneling x7  
  192  12:34  Zergling x20  
  174  12:46  Zergling x48  
  182  12:51  Hive  
  182  12:52  Mutalisk x2  
  182  12:54  Zergling x10  
Show
View Real Time Build Order
Export as new Build Order

ByuN Terran 

Build Orders:  

Get SALT Encoding   

  12  0:00  SCV  
  13  0:12  SCV  
  14  0:17  Supply Depot  
  14  0:24  SCV  
  15  0:38  SCV  
  15  0:39  Barracks  
  16  0:43  Refinery  
  16  0:50  SCV  
  17  1:08  SCV  
  18  1:20  SCV  
  19  1:26  Marine  
  19  1:32  Orbital Command  
  20  1:39  Command Center  
  20  1:45  Barracks Reactor  
  20  1:50  Factory  
  20  1:57  Refinery  
  20  1:59  SCV  
  21  2:07  Barracks Reactor  
  21  2:11  SCV  
  21  2:13  Supply Depot  
  22  2:23  SCV  
  23  2:35  Starport  
  23  2:36  SCV  
  24  2:40  Factory Tech Lab  
  24  2:43  Marine x2  
  26  2:48  SCV  
  26  2:50  Orbital Command  
  27  3:00  SCV  
  27  3:01  Marine x2  
  31  3:15  Fusion Core  
  31  3:17  SCV x2  
  31  3:19  Marine x2  
  34  3:25  Supply Depot  
  34  3:29  SCV x2  
  39  3:37  Marine x2  
  41  3:41  SCV  
  41  3:42  SCV  
  43  3:49  Supply Depot  
  43  3:53  SCV  
  43  3:54  SCV, Marine  
  43  3:55  Marine  
  46  4:05  SCV  
  46  4:06  Battlecruiser, SCV  
  51  4:12  Marine x2  
  53  4:17  Factory Tech Lab  
  53  4:18  SCV x2  
  53  4:20  Supply Depot  
  55  4:30  Command Center  
  55  4:32  Marine x2  
  55  4:36  SCV x2  
  59  4:47  Siege Tank  
  59  4:48  SCV x2  
  59  4:50  Refinery, Marine x2  
  65  5:00  SCV x2  
  65  5:01  Supply Depot  
  56  5:08  Marine x2  
  56  5:12  SCV x2  
  60  5:23  Banshee  
  60  5:24  SCV x2  
  40  5:57  Siege Tank, SCV x2  
  45  6:02  Supply Depot  
  45  6:03  Barracks Reactor  
  45  6:09  SCV  
  46  6:13  SCV  
  41  6:21  SCV  
  41  6:25  SCV  
  34  6:33  SCV  
  34  6:37  SCV  
  34  6:39  Marine x2  
  38  6:45  SCV  
  38  6:47  Raven  
  39  6:50  Siege Tank  
  39  6:52  SCV  
  45  6:58  Marine x2  
  45  7:00  SCV  
  48  7:01  Supply Depot  
  48  7:04  SCV  
  49  7:12  SCV  
  50  7:16  SCV  
  50  7:17  Supply Depot  
  51  7:25  Command Center  
  52  7:30  SCV x2  
  53  7:40  Starport Reactor  
  53  7:42  SCV x2  
  53  7:43  Supply Depot  
  55  7:47  Barracks  
  55  7:54  Barracks, SCV x2  
  57  8:03  Engineering Bay  
  57  8:04  Engineering Bay  
  57  8:06  SCV  
  57  8:07  SCV  
  57  8:12  Marine  
  59  8:14  Stimpack  
  59  8:19  SCV x2  
  62  8:30  Starport Reactor  
  62  8:31  SCV x2  
  62  8:32  Siege Tank, Marine  
  68  8:38  Orbital Command  
  68  8:42  Refinery  
  68  8:43  SCV x2  
  70  8:49  Terran Infantry Weapons Level 1, Marine  
  70  8:50  Terran Infantry Armor Level 1  
  70  8:53  Marine x2  
  70  8:55  Barracks x2, Marine x2  
  75  8:59  SCV  
  75  9:00  SCV  
  77  9:05  Supply Depot  
  77  9:07  Siege Tank  
  77  9:09  Marine  
  81  9:11  SCV  
  81  9:12  Orbital Command, SCV  
  81  9:15  Medivac x2, Marine  
  88  9:19  Marine x2  
  88  9:20  Marine  
  91  9:25  SCV x2  
  93  9:32  Supply Depot, Armory  
  95  9:39  Marine x3  
  95  9:42  SCV x3  
  99  9:51  Barracks Reactor x2  
  99  9:52  Supply Depot  
  99  9:54  Supply Depot  
  99  9:57  SCV x3  
  102  10:02  Marine x3  
  102  10:03  Marine x2  
  107  10:07  Supply Depot  
  107  10:08  Combat Shield, Supply Depot  
  107  10:14  Missile Turret, SCV x3  
  109  10:18  Siege Tank  
  109  10:20  Terran Vehicle Weapons Level 1, Marine  
  114  10:22  Refinery  
  114  10:27  Marine  
  114  10:28  Marine x5  
  115  10:29  Marine  
  115  10:32  Medivac  
  119  10:40  Marine x2  
  120  10:45  Marine x3  
  120  10:46  Marine x3  
  129  10:51  SCV x3  
  129  10:52  Missile Turret  
  129  10:53  Factory  
  129  10:57  Supply Depot x2, Marine  
  129  10:58  Marine x2  
  129  11:03  Marine x2  
  134  11:07  Marine  
  134  11:10  Medivac x2, Marine x2  
  139  11:18  Marine x2  
  141  11:26  Siege Tank  
  144  11:33  Marine x7  
  144  11:35  Marine  
  144  11:36  Marine  
  153  11:40  Medivac x2  
  153  11:41  Terran Infantry Armor Level 2  
  157  11:50  Factory Reactor  
  157  11:58  Supply Depot x2  
  157  12:00  Marine x8  
  165  12:01  Terran Infantry Weapons Level 2  
  165  12:19  Marine x6  
  165  12:20  Siege Tank  
  165  12:21  Supply Depot  
  165  12:22  Supply Depot  
  174  12:27  Marine  
  174  12:28  Marine x2  
  177  12:31  Medivac x2  
  179  12:37  Marine x2  
  179  12:40  Marine x2  
  157  12:49  Marine x4  
  116  12:52  Marine  
  116  12:53  Siege Tank  
  110  12:55  Marine x2  
  110  12:58  Marine x2  
  110  13:07  Marine  
Tags
 
Composition
Muta Ling Bane
Matchup
TvZ
Spawn Locations
Cross Positions
Add a new tag
Caveats
  • Supply blocks, unpowered buildings, or Contaminate may cause inaccurate times.
  • Supply counts are checked every 10 seconds.